 Dungeon Crawl Stone Soup version 0.29-a0-451-gfbfa42419e (webtiles) character file.

Game seed: 16109824407933691266

1068 Faeu the Fighter (level 8, -7/111 HPs)
             Began as a Minotaur Berserker on May 19, 2022.
             Was a Believer of Trog.
             Mangled by an ogre
             ... wielding a +0 giant spiked club
              (20 damage)
             ... on level 6 of the Dungeon.
             The game lasted 00:10:37 (4768 turns).

Faeu the Fighter (Minotaur Berserker)               Turns: 4768, Time: 00:10:37

Health: -7/111     AC:  5    Str: 29    XL:     8   Next: 7%
Magic:  7/7        EV: 10    Int:  4    God:    Trog [**....]
Gold:   213        SH:  0    Dex: 13    Spells: 7/7 levels left

rFire   . . .      SeeInvis .   u - +8 dagger of Exchange {flame, Str+5 Dex+3, short}
rCold   . . .      Faith    .   (no shield)
rNeg    . . .      Spirit   .   w - +0 chain mail
rPois   .          Reflect  .   (helmet restricted)
rElec   .          Harm     .   (no cloak)
rCorr   .          Rampage  .   (no gloves)
Will    .....                   (no boots)
Stlth   ..........              (no amulet)
HPRegen 0.28/turn               (no ring)
MPRegen 0.10/turn               (no ring)

@: berserking (expiring), corroded, very quick
A: horns 2, retaliatory headbutt
a: Renounce Religion, Berserk, Trog's Hand


You were on level 6 of the Dungeon.
You worshipped Trog.
Trog was pleased with you.
You visited 1 branch of the dungeon, and saw 6 of its levels.

You collected 213 gold pieces.


Innate Abilities, Weirdness & Mutations

You have a pair of horns on your head.
You reflexively headbutt those who attack you in melee.


   Skills:
 + Level 8.1 Fighting
 + Level 8.1 Axes
 - Level 4.1 Armour
 - Level 3.7 Dodging


You had 7 spell levels left.
You didn't know any spells.
Your spell library was empty.

Inventory:

Hand Weapons
 a - a +0 hand axe {axe}
 u - the +8 dagger of Exchange (weapon) {flame, Str+5 Dex+3, short}
   (You found it on level 3 of the Dungeon)

   It burns those it strikes, dealing additional fire damage.
   Str:       It affects your strength (+5).
   Dex:       It affects your dexterity (+3).
Armour
 b - a +0 scale mail
   (You found it on level 5 of the Dungeon)
 m - a +0 scale mail
   (You found it on level 5 of the Dungeon)
 q - a +0 robe
   (You found it on level 5 of the Dungeon)
 w - a +0 chain mail (worn)
   (You found it on level 4 of the Dungeon)
Wands
 o - a wand of flame (16)
   (You found it on level 5 of the Dungeon)
Scrolls
 e - 2 scrolls of noise {unknown}
 f - 2 scrolls of fear {unknown}
 g - 2 scrolls of poison {unknown}
 i - 2 scrolls of identify {unknown}
 k - a scroll of amnesia {unknown}
 l - a scroll of vulnerability {unknown}
 n - a scroll of magic mapping {unknown}
 p - a scroll of teleportation {unknown}
 t - a scroll of fog {unknown}
 A - a scroll of blinking {unknown}
Potions
 c - 2 potions of attraction {unknown}
 d - 2 potions of degeneration {unknown}
 h - a potion of curing {unknown}
 j - a potion of heal wounds {unknown}
 r - a potion of mutation {unknown}
 z - a potion of flight {unknown}

Dungeon Overview and Level Annotations

Branches:
Dungeon (6/15)             Temple (0/1) D:6

Altars:
Ashenzari
Gozag
Qazlal
Ru
Trog
Uskayaw

Shops:
D:1 ? D:2

**[( #... #..#... #...#
.... .# #...####..##.
#...##......# #
#####...##.#.##.# ⌠.#
................###...#
..............SO....)..
...............@[⌠..>S.
####...##.####....[...
###...##......###...#
#.......####### ⌠.#
#.#...#.### #
#.#.......# #.#...#.#.#
#.......#.# ##
##........#


You could see a water moccasin, an ogre and an adder.


Message History

There is a stone staircase leading up here.
Okay, then.
A white imp comes into view.
The white imp shouts, "Leave, thou mangled unchin-snouted clack-dish!"
The white imp gestures at you. The puff of frost hits you!
The white imp spits at you. 😕 HP[-8]
You take 8 damage, and now have 58/66 hp.
You hit the white imp but do no damage. You headbutt the white imp.
The white imp hits you but does no damage.
You hit the white imp. You burn the white imp. You headbutt the white imp!
You kill the white imp!
Trog accepts your kill.
HP restored.
You now have 213 gold pieces (gained 5).
There is a stone staircase leading up here.
You hear the slow hiss of an avalanche of sand nearby.
r - a bubbling clear potion No target in view! 😎 HP[+8]
There is a stone staircase leading up here.
You hear the slow hiss of an avalanche of sand nearby.
There is a stone staircase leading up here.
You hear the hiss of a distant avalanche of sand.
An acid dragon comes into view.
The acid dragon roars!
You hear an angry hiss.
The acid dragon spits acid at you. The splash of acid hits you!
The acid corrodes you!
You hear an angry hiss.
You hear a shout! x2 😕 HP[-12]
You take 12 damage, and now have 54/66 hp.
Found a club.
Found a staircase to the Ecumenical Temple.
An ice beast comes into view.
An adder comes into view. 😕 HP[+1]
You hit the acid dragon. You burn the acid dragon.
The acid dragon spits acid at you. The splash of acid hits you!!
Ouch! That really hurt!
* * * LOW HITPOINT WARNING * * *
You hear a shout! x2 😨 HP[-34]
You take 34 damage, and now have 21/66 hp.
MASSIVE DAMAGE!! (PAUSE)
A red film seems to cover your vision as you go berserk!
You feel yourself moving faster!
You feel mighty! The acid dragon bites you.
* * * LOW HITPOINT WARNING * * *
The acid dragon closely misses you. 😨 HP[+6]
You now have 99 max hp (+33).
You regained 6 hp, and now have 27/99 hp.
You puncture the acid dragon! You burn the acid dragon.
You barely miss the acid dragon. You headbutt the acid dragon!
You kill the acid dragon!
Trog accepts your kill.
The acid dragon scales are intact enough to wear.
An ogre comes into view. It is wielding a +0 giant spiked club.
The adder bites you but does no damage.
You now have 100 max hp (+1).
You hit the ice beast.
You melt the ice beast.
Your headbutt misses the ice beast.
The ice beast hits you but does no damage.
The adder bites you.
* * * LOW HITPOINT WARNING * * *
😨 HP[-1]
You take 1 damage, and now have 26/100 hp.
You completely miss the ice beast. The adder barely misses you.
You puncture the ice beast!
You melt the ice beast.
The ice beast hits you.
* * * LOW HITPOINT WARNING * * *
The ice beast freezes you!
* * * LOW HITPOINT WARNING * * *
A water moccasin comes into view. 😱 HP[-11]
You take 11 damage, and now have 15/100 hp.
The water moccasin hisses angrily.
You puncture the ice beast!
You melt the ice beast.
You kill the ice beast!
Trog accepts your kill. The adder bites you.
* * * LOW HITPOINT WARNING * * *
Your Fighting skill increases to level 8!
Your Axes skill increases to level 8!
You have reached level 8!
You feel stronger. 😱 HP[-3] MP[+1]
You now have 111 max hp (+11).
Your mp is fully restored (7).
You barely miss the adder. You headbutt the adder. The adder barely misses you.
You furiously retaliate!
You headbutt the adder!
You kill the adder!
Trog accepts your kill.
An adder comes into view. 😱 HP[+1] Calm down first, please.
You are too injured to fight recklessly!
You are too berserk!
The adder hisses angrily.
You barely miss the ogre. You headbutt the ogre!
The ogre hits you with a +0 giant spiked club!!
You die...

Skill      XL: |  1  2  3  4  5  6  7 |
---------------+----------------------+-----
Axes           | 4 5 6 8 |  8.1
Fighting       | 4 5 6 8 |  8.1
Armour         | 3 4 |  4.1
Dodging        | 3 |  3.7

Action                   |  1- 3 |  4- 6 |  7- 9 || total
-------------------------+-------+-------+-------++-------
Melee: Hand axe          |    66 |    22 |       ||    88
       Headbutt          |     5 |     8 |    11 ||    24
       Punch             |     2 |     2 |     1 ||     5
       Dagger            |       |    41 |    62 ||   103
Invok: Berserk           |     1 |     1 |     1 ||     3
Armor: Animal skin       |    10 |       |       ||    10
       Scale mail        |     3 |    12 |       ||    15
       Chain mail        |       |     2 |    27 ||    29
Dodge: Dodged            |    48 |    18 |    26 ||    92

Levels and vault maps discovered:
D:1:      minmay_arrival_wavy_path, layout_basic, serial_shops, shop,
          minmay_crystal_water
D:2:      layout_loops_ring, serial_shops, shop,
          nicolae_shop_bloodbath_and_beyond, nicolae_shop_hallway_stairs,
          nicolae_diamond_shop
D:3:      layout_basic, nicolae_overflow_hallway_of_the_gods, uniq_sigmund
D:4:      layout_basic, grunt_qazlal_sundering
D:5:      layout_basic, minmay_misc_feat_x
D:6:      layout_loops_cross, minmay_temple_entry_junction,
          chequers_ossuary_entry_cave, kennysheep_doodads, minmay_holes

Notes
Turn   | Place    | Note
-------+----------+-------------------------------------------
     0 | D:1      | Faeu the Minotaur Berserker began the quest for the Orb.
     0 | D:1      | Reached XP level 1. HP: 19/19 MP: 0/0
   168 | D:1      | Reached XP level 2. HP: 27/27 MP: 1/1
   583 | D:1      | Found Quudwu's Magic Scroll Shop.
   742 | D:2      | Reached skill level 4 in Axes
   888 | D:2      | Found Ediycy's Assorted Antiques.
   910 | D:2      | Reached skill level 4 in Fighting
  1100 | D:2      | Found Kayfopn's General Store.
  1135 | D:2      | Reached skill level 3 in Armour
  1135 | D:2      | Reached XP level 3. HP: 28/33 MP: 2/2
  1356 | D:2      | Found Dyuliurr's Antique Armour Boutique.
  1477 | D:2      | Found Doekumeho's Weapon Shop.
  1554 | D:3      | Noticed Sigmund
  1649 | D:3      | Found a hide-covered altar of Uskayaw.
  1664 | D:3      | Found a sacrificial altar of Ru.
  1666 | D:3      | Found a bloodstained altar of Trog.
  1666 | D:3      | Found a broken altar of Ashenzari.
  1712 | D:3      | Found an opulent altar of Gozag.
  1762 | D:3      | Killed Sigmund
  1763 | D:3      | Reached skill level 4 in Armour
  1763 | D:3      | Reached skill level 3 in Dodging
  1763 | D:3      | Reached XP level 4. HP: 41/41 MP: 3/3
  1763 | D:3      | Reached XP level 5. HP: 47/47 MP: 4/4
  1784 | D:3      | Reached ** piety under Trog
  1785 | D:3      | Reached skill level 5 in Fighting
  1785 | D:3      | Reached skill level 5 in Axes
  1796 | D:3      | magus.rc [v1.9.6]
  2181 | D:3      | Reached XP level 6. HP: 51/56 MP: 5/5
  2353 | D:3      | Identified the +8 dagger of Exchange {flame, Str+5 Dex+3}
  2508 | D:4      | Found a stormy altar of Qazlal.
  2710 | D:4      | HP: 8/57 [ogre/+0 giant club (27)]
  2712 | D:4      | Reached skill level 6 in Fighting
  2712 | D:4      | Reached skill level 6 in Axes
  3201 | D:4      | Reached XP level 7. HP: 64/64 MP: 6/6
  3668 | D:5      | Entered Level 5 of the Dungeon
  4109 | D:5      | Reached skill level 7 in Fighting
  4109 | D:5      | Reached skill level 7 in Axes
  4755 | D:6      | Found a staircase to the Ecumenical Temple.
  4764 | D:6      | HP: 25/100 [ice beast (1)]
  4765 | D:6      | HP: 11/100 [adder (4)]
  4766 | D:6      | Reached skill level 8 in Fighting
  4766 | D:6      | Reached skill level 8 in Axes
  4766 | D:6      | Reached XP level 8. HP: 12/74 MP: 7/7
  4768 | D:6      | Mangled by an ogre

Vanquished Creatures
  Sigmund (D:3)
  An acid dragon (D:6)
  2 ice beasts
  An ogre (D:4)
  2 scorpions (D:5)
  3 hounds
  An orc priest (D:3)
  5 iguanas
  An orc wizard (D:3)
  3 gnolls (D:4)
  4 adders
  A shadow imp (D:5)
  A white imp (D:6)
  An ufetubus (D:5)
  3 worms
  5 orcs
  2 endoplasms (D:1)
  4 giant cockroaches
  9 goblins
  3 hobgoblins
  2 jackals (D:2)
  4 quokkas
  6 ball pythons
  4 bats (D:1)
  3 frilled lizards
  3 kobolds
  2 rats
77 creatures vanquished.

Table legend:
 A = Non-vault XP
 B = Vault XP
 C = Vault XP percentage of total XP
 D = Non-vault monster count
 E = Vault monster count
 F = Vault count percentage of total count
                 A         B        C        D         E       F
            +---------+---------+-------+---------+---------+-------
      Total |    1313 |     214 |  14.0 |      76 |       1 |   1.3
            +---------+---------+-------+---------+---------+-------
        D:1 |      23 |       0 |   0.0 |      16 |       0 |   0.0
        D:2 |      35 |       0 |   0.0 |      12 |       0 |   0.0
        D:3 |     114 |     214 |  65.2 |      14 |       1 |   6.7
        D:4 |     396 |       0 |   0.0 |      21 |       0 |   0.0
        D:5 |     445 |       0 |   0.0 |       9 |       0 |   0.0
        D:6 |     300 |       0 |   0.0 |       4 |       0 |   0.0
            +---------+---------+-------+---------+---------+-------

Illustrated notes

Table legend:
 A = Kills in this place as a percentage of kills in entire the game.
 B = Kills by you in this place as a percentage of kills by you in the entire game.
 C = Kills by friends in this place as a percentage of kills by friends in the entire game.
 D = Other kills in this place as a percentage of other kills in the entire game.
 E = Experience gained in this place as a percentage of experience gained in the entire game.
 F = Experience gained in this place divided by the number of levels of this place that you have seen.
                   A       B       C       D       E      F
               +-------+-------+-------+-------+-------+----------------------
         Total | 100.0 | 100.0 |   N/A |   N/A | 100.0 | 254.5
       Dungeon | 100.0 | 100.0 |   N/A |   N/A | 100.0 | 254.5
               +-------+-------+-------+-------+-------+----------------------

Table legend: (Time is in decaauts)
 A = Elapsed time spent in this place.
 B = Non-inter-level travel time spent in this place.
 C = Inter-level travel time spent in this place.
 D = Time resting spent in this place.
 E = Time spent auto-exploring this place.
 F = Levels seen in this place.
 G = Mean time per level.
                   A        B        C        D        E       F      G
               +--------+--------+--------+--------+--------+-----+--------+
         Total |   4793 |   4616 |    177 |    304 |   3538 |   6 |  798.8 |
       Dungeon |   4793 |   4616 |    177 |    304 |   3538 |   6 |  798.8 |
               +--------+--------+--------+--------+--------+-----+--------+

Top non-repeatable levels by time:
     D:4: 1300 daAuts
     D:2: 915 daAuts
     D:5: 898 daAuts
     D:3: 761 daAuts
     D:1: 717 daAuts
     D:6: 198 daAuts
